 Dungeon Crawl Stone Soup version 0.23-a0-143-g1adec7b (webtiles) character file.

175 Gorice the Slasher (level 5, 0/41 HPs)
             Began as a Demonspawn Wanderer on Sept 1, 2018.
             Was an Initiate of Kikubaaqudgha.
             Killed by nerve-wracking pain
             ... invoked by Grinder
              (8 damage)
             ... on level 3 of the Dungeon.
             The game lasted 00:12:47 (2803 turns).

Gorice the Slasher (Demonspawn Wanderer)            Turns: 2803, Time: 00:12:48

Health: 0/41       AC:  6    Str: 14    XL:     5   Next: 29%
Magic:  5/5        EV: 10    Int: 14    God:    Kikubaaqudgha [......]
Gold:   137        SH:  0    Dex: 11    Spells: 4/4 levels left

rFire    . . .     SeeInvis .   a - +1 long sword
rCold    . . .     Gourm    .   (no shield)
rNeg     . . .     Faith    .   g - +0 ring mail
rPois    .         Spirit   .   (helmet restricted)
rElec    .         Reflect  .   n - +0 cloak
rCorr    .         Harm     .   (no gloves)
MR       .....                  (no boots)
Stlth    +.........             (no amulet)
HPRegen  0.13/turn              (no ring)
MPRegen  0.09/turn              (no ring)

@: berserk cooldown, slowed, very slow
A: horns 1, spiny 1
a: Renounce Religion


You were on level 3 of the Dungeon.
You worshipped Kikubaaqudgha.
Kikubaaqudgha was noncommittal.
You were not hungry.

You visited 1 branch of the dungeon, and saw 3 of its levels.

You collected 137 gold pieces.

Inventory:

Hand Weapons
 a - a +1 long sword (weapon)
 b - a +0 falchion
 c - a +0 short sword
 d - a +2 dagger
Missiles
 Y - 57 stones (quivered)
Armour
 e - a +0 robe
 g - a +0 ring mail (worn)
 n - a +0 cloak (worn)
Jewellery
 o - an uncursed ring of fire
Wands
 q - a wand of flame (17)
Scrolls
 l - 2 scrolls of identify
 p - a scroll of blinking
Potions
 h - 2 potions of heal wounds {!q}
 i - a potion of ambrosia {unknown}
 j - a potion of lignification {!q}
 k - a potion of agility {!q}
 r - a potion of curing
 t - a potion of brilliance {unknown}
Comestibles
 f - 6 rations
 s - a chunk of flesh


   Skills:
 - Level 3.0 Fighting
 * Level 4.8 Long Blades
   Level 1.7 Polearms
 - Level 1.7 Stealth
   Level 1.0 Shields
 - Level 1.0 Evocations


You had 4 spell levels left.
You didn't know any spells.
Your spell library was empty.

Dungeon Overview and Level Annotations

Branches:
Dungeon (3/15)

Altars:
Cheibriados
Kikubaaqudgha
Nemelex Xobeh
Zin

Annotations:
D:2 Sigmund
D:3 Grinder, Natasha, Terence


Innate Abilities, Weirdness & Mutations

You have a pair of small horns on your head.
You are partially covered in sharp spines.


Message History

* * * LOW HITPOINT WARNING * * *
You can move again.
Damage: 26 (max 26) Unknown command.
Unknown command.
Unknown command.
Unknown command.
Unknown command.
Really quaff
h - 3 potions of heal wounds {!q}?
You feel much better. Something hits you.
You writhe in agony.
A red film seems to cover your vision as you go berserk!
You feel yourself moving faster!
You feel mighty! Something hits you.
You writhe in agony.
* * * LOW HITPOINT WARNING * * *
You closely miss something.
You feel a strong urge to attack something.
You feel your anger nearly subside.
You are no longer berserk.
You are exhausted.
You feel yourself slow down.
Damage: 10 (max 10)
Something hits you but does no damage. Something hits you.
* * * LOW HITPOINT WARNING * * *
You writhe in agony.
* * * LOW HITPOINT WARNING * * *
Damage: 7 (max 7) Unknown command.
Pain shoots through your body!
* * * LOW HITPOINT WARNING * * *
Damage: 2 (max 2) Really read
m - a scroll of teleportation {!r}?
As you read the scroll of teleportation {!r}, it crumbles to dust.
You feel strangely unstable.
Something tries to affect you, but you resist.
Your surroundings suddenly seem different.
A hobgoblin comes into view. It is wielding a club.
The hobgoblin completely misses you.
You riposte.
You slash the hobgoblin!
You kill the hobgoblin!
Kikubaaqudgha accepts your kill. Something hits you but does no damage.
Something hits you.
* * * LOW HITPOINT WARNING * * *
You writhe in agony.
* * * LOW HITPOINT WARNING * * *
Damage: 6 (max 6) Grinder appears from thin air!
Reactivating autopickup.
Grinder gestures at you. Pain shoots through your body!
You die...
Kikubaaqudgha rasps: "You have failed me!
Welcome... death!"

#### #### .... ..#
#..# #.# ####..###
#.####
#........##....####
#.##..##.....#....#
#.##<##.)#####....##.#
#....@5........####...
####.########### #...
.... #..) #.##.#
########### # #.#
#.....# #..
#.....##### ##.
#..........
#.....###.# #.....#
#.#


You could see Grinder.

Vanquished Creatures
  Jessica (D:2)
  3 gnolls
  5 adders
  3 worms
  3 leopard geckos
  5 orcs (D:3)
  7 bats
  4 giant cockroaches
  10 hobgoblins
  5 kobolds
  A quokka (D:3)
  A ball python (D:1)
  4 frilled lizards
  3 goblins
  7 rats
62 creatures vanquished.

Notes
Turn   | Place    | Note
-------+----------+-------------------------------------------
     0 | D:1      | Gorice the Demonspawn Wanderer began the quest for the Orb.
     0 | D:1      | Gorice set off with: a +2 dagger, a potion of berserk rage,
                  | a +0 short sword, a +0 falchion, a +0 robe, a ration
     0 | D:1      | Reached XP level 1. HP: 18/18 MP: 1/1
   161 | D:1      | Gained mutation: You are partially covered in sharp spines.
                  | [demonic ancestry]
   161 | D:1      | Reached XP level 2. HP: 19/24 MP: 2/2
   163 | D:1      | Reached skill level 2 in Long Blades
   752 | D:2      | Noticed Sigmund
   875 | D:1      | Gained mutation: You have a pair of small horns on your
                  | head. [demonic ancestry]
   875 | D:1      | Reached XP level 3. HP: 29/29 MP: 3/3
   917 | D:2      | Reached skill level 3 in Long Blades
  1367 | D:2      | Noticed Jessica
  1384 | D:2      | Killed Jessica
  1384 | D:2      | Reached XP level 4. HP: 20/35 MP: 4/4
  1580 | D:2      | Reached skill level 4 in Long Blades
  2200 | D:3      | Noticed Natasha
  2360 | D:2      | Reached XP level 5. HP: 37/41 MP: 5/5
  2425 | D:3      | Found a sparkling altar of Nemelex Xobeh.
  2440 | D:3      | Noticed Terence
  2608 | D:3      | Found an ancient bone altar of Kikubaaqudgha.
  2617 | D:3      | Found a snail-covered altar of Cheibriados.
  2620 | D:3      | Found a glowing silver altar of Zin.
  2634 | D:3      | Became a worshipper of Kikubaaqudgha
  2766 | D:3      | Noticed Grinder
  2774 | D:3      | Paralysed by something for 4 turns
  2776 | D:3      | HP: 12/41 [something/nerve-wracking pain (12)]
  2777 | D:3      | HP: 3/41 [something (9)]
  2777 | D:3      | HP: 1/41 [something (2)]
  2787 | D:3      | HP: 12/41 [something/nerve-wracking pain (3)]
  2802 | D:3      | HP: 10/41 [something (5)]
  2803 | D:3      | Killed from afar by Grinder

Vault maps used:
D:1:      ncdulo_lavacross, hangedman_decor_riveting, minmay_pentomino_u2
D:2:      first_ration, grunt_decor_cap, grunt_decor_mini_mirrors,
          grunt_ministairs_3, uniq_jessica, uniq_sigmund
D:3:      grunt_temple_overflow_open, minmay_overflow_temple_star_quad,
          corexii_leaking_fountain, nemelex_xobeh_ov_fountains_minmay,
          uniq_natasha, uniq_crazy_yiuf_cottage, uniq_grinder, uniq_terence

Skill      XL: |  1  2  3  4 |
---------------+-------------+-----
Long Blades    | 2 3 4 |  4.8
Fighting       | |  3.0
Polearms       | |  1.7
Stealth        | |  1.7
Shields        | |  1.0
Evocations     | |  1.0

Action                   |  1- 3 |  4- 6 || total
-------------------------+-------+-------++-------
Melee: Falchion          |    90 |    12 ||   102
       Headbutt          |     6 |    10 ||    16
       Long sword        |       |    39 ||    39
Throw: Stone             |     5 |     8 ||    13
  Use: Scroll            |     5 |     3 ||     8
       Potion            |       |     2 ||     2
 Stab: Sleeping          |     2 |       ||     2
  Eat: Chunk             |     2 |     4 ||     6
Armor: Robe              |     9 |       ||     9
       Ring mail         |    16 |    20 ||    36
Dodge: Dodged            |    56 |    24 ||    80
       Rpst.: Falchion   |    20 |     4 ||    24
       Long sword        |       |     3 ||     3

Table legend:
 A = Non-vault XP
 B = Vault XP
 C = Vault XP percentage of total XP
 D = Non-vault monster count
 E = Vault monster count
 F = Vault count percentage of total count
                 A         B        C        D         E       F
            +---------+---------+-------+---------+---------+-------
      Total |     197 |      54 |  21.5 |      57 |       5 |   8.1
            +---------+---------+-------+---------+---------+-------
        D:1 |      35 |      16 |  31.4 |      19 |       3 |  13.6
        D:2 |     119 |      38 |  24.2 |      24 |       2 |   7.7
        D:3 |      43 |       0 |   0.0 |      14 |       0 |   0.0
            +---------+---------+-------+---------+---------+-------

Table legend:
 A = Turns spent in this place as a percentage of turns spent in the entire game.
 B = Non-inter-level travel turns spent in this place as a percentage of non-inter-level travel turns spent in the entire game.
 C = Inter-level travel turns spent in this place as a percentage of turns spent in this place.
 D = Turns resting spent in this place as a percentage of non-inter-level travel turns spent in this place.
 E = Turns spent auto-exploring this place as a percentage of non-inter-level travel turns spent in this place.
 F = Non-inter-level travel turns spent in this place divided by the number of levels of this place that you've seen.
                   A       B       C       D       E      F
               +-------+-------+-------+-------+-------+----------------------
         Total | 100.0 | 100.0 |   6.3 |  23.3 |  43.3 | 875.3
       Dungeon | 100.0 | 100.0 |   6.3 |  23.3 |  43.3 | 875.3
               +-------+-------+-------+-------+-------+----------------------

Vault maps used:
D:1:      ncdulo_lavacross, hangedman_decor_riveting, minmay_pentomino_u2
D:2:      first_ration, grunt_decor_cap, grunt_decor_mini_mirrors,
          grunt_ministairs_3, uniq_jessica, uniq_sigmund
D:3:      grunt_temple_overflow_open, minmay_overflow_temple_star_quad,
          corexii_leaking_fountain, nemelex_xobeh_ov_fountains_minmay,
          uniq_natasha, uniq_crazy_yiuf_cottage, uniq_grinder, uniq_terence
